[Event "Live Chess"]
[Site "Chess.com"]
[Date "2024.06.02"]
[Round "-"]
[White "RG_ChessLegend"]
[Black "AlanBstard10"]
[Result "1-0"]
[WhiteElo "1517"]
[BlackElo "1196"]
[TimeControl "300"]
[EndTime "1:09:55 PDT"]
[Termination "RG_ChessLegend won by checkmate"]

1. e4 d5 2. exd5 Nf6 3. Nc3 Nxd5 4. Nf3 Bg4 5. h3 Nxc3 6. bxc3 Bxf3 7. Qxf3 Nc6 8. Bb5 Qd7 9. O-O a6 10. Ba4 O-O-O 11. Ba3 f6 12. Rad1 b5 13. Bb3 e6 14.
Rfe1 Re8 15. d4 Bxa3 16. d5 Ne5 17. Rxe5 fxe5 18. dxe6 Qe7 19. Qa8# 1-0

[Event "Live Chess"]
[Site "Chess.com"]
[Date "2024.06.02"]
[Round "-"]
[White "Ofirgh1234567890"]
[Black "SimonBoy1"]
[Result "1-0"]
[WhiteElo "1765"]
[BlackElo "1523"]
[TimeControl "300"]
[EndTime "1:11:11 PDT"]
[Termination "Ofirgh1234567890 won by resignation"]

1. d4 d5 2. Bf4 e6 3. e3 Nf6 4.
Nd2 c6 5. c3 Be7 6. Bd3 O-O 7.
Ngf3 Nbd7 8. Ne5 Re8 9. Qf3 Qb6 10. Rb1 c5 11. g4 cxd4 12. exd4 Nxe5 13. dxe5 Nd7 14. h4 d4 15. Nc4 Qa6 16. Nd6 1-0

[Event "Live Chess"]
[Site "Chess.com"]
[Date "2024.06.02"]
[Round "-"]
[White "CheckThis4"]
[Black "jimwad"]
[Result "1-0"]
[WhiteElo "2694"]
[BlackElo "1317"]
[TimeControl "300"]
[EndTime "1:11:13 PDT"]
[Termination "CheckThis4 won by resignation"]

1. d4 d5 2. Nc3 Nf6 3. e4 dxe4 4. f3 exf3 5. Nxf3 Bg4 6. h3 Bxf3 7. Qxf3 c6 8. Be3 e6 9. O-O-O Bb4 10. Bd3 Bxc3 11. bxc3 Qa5 12. Kd2 Nd5 13. Ke1 Qxc3+ 14. Kf2 Nxe3 15.
Qxe3 O-O 16. Bxh7+ Kh8 17. Qxc3 1-0

[Event "Live Chess"]
[Site "Chess.com"]
[Date "2024.06.02"]
[Round "-"]
[White "KyryloPoluliakh"]
[Black "NeilDruggan73"]
[Result "1-0"]
[WhiteElo "1544"]
[BlackElo "1718"]
[TimeControl "300"]
[EndTime "1:11:21 PDT"]
[Termination "KyryloPoluliakh won by resignation"]

1. c4 Nf6 2. Nc3 g6 3. g3 Bg7 4.
Bg2 Nc6 5. d4 O-O 6. e3 d6 7.
Nge2 Rb8 8. O-O Nh5 9. a3 Bd7 10.
b4 a6 11. Bb2 e5 12. Re1 f5 13.
Bd5+ Kh8 14. Bg2 f4 15. gxf4 exf4 16. exf4 Nxf4 17. Nxf4 Rxf4 18. Ne2 Rg4 19. Rb1 Qg5 20. Ng3 Rf8 21. Bxc6 bxc6 22. Qe2 h5 23. Kh1 h4 24. Ne4 Re8 25. Nxg5 Rxe2 26. Rxe2 Rxg5 27. d5 Bxb2 28. Rbxb2 Bg4 29. Re3 h3 30. Rg3 Re5 31. Rxg4 Re1+ 32. Rg1 Re3 33. fxe3 1-0

[Event "Live Chess"]
[Site "Chess.com"]
[Date "2024.06.02"]
[Round "-"]
[White "NottheBishopSacrifice"]
[Black "JohanKjeldahl"]
[Result "1-0"]
[WhiteElo "2311"]
[BlackElo "1866"]
[TimeControl "300"]
[EndTime "1:11:31 PDT"]
[Termination "NottheBishopSacrifice won by resignation"]

1. Nf3 Nf6 2. g3 g6 3. Bg2 Bg7 4. O-O O-O 5. c4 d6 6. Nc3 e5 7. d3 c6 8. Bd2 Nbd7 9. b4 a5 10. b5 Qc7 11. Rb1 Nc5 12. Be3 Ne6 13. bxc6 bxc6 14.
Bb6 Qd7 15. c5 Nxc5 16. Bxc5 dxc5 17. Na4 Qd6 18. Nb6 Rb8 19. Nc4 Rxb1 20. Qxb1 Qe6 21. Nxa5 Nd5 22. Nc4 Ba6 23. Rc1 h6 24. Nfd2 f5 25.
Nb3 Qe7 26. Nca5 Bb5 27. Nxc5 e4 28. a4 exd3 29. axb5 dxe2 30. Nxc6 Qd6 31. Bxd5+ Qxd5 32. Ne7+ 1-0

[Event "Live Chess"]
[Site "Chess.com"]
[Date "2024.06.02"]
[Round "-"]
[White "chessgoatpawel"]
[Black "Hoogleboogle"]
[Result "1-0"]
[WhiteElo "2038"]
[BlackElo "1328"]
[TimeControl "300"]
[EndTime "1:11:37 PDT"]
[Termination "chessgoatpawel won on time"]

1. e4 c6 2. d4 d5 3. e5 Bf5 4. h4 h5 5. Bd3 Bxd3 6. Qxd3 e6 7. Nf3 Ne7 8. Bg5 Qb6 9. Nbd2 Qxb2 10. Rb1 Qxa2 11.
Rxb7 Qa1+ 12. Nb1 Nd7 13. Qc3 Qxc3+ 14. Nxc3 a6 15. O-O Ng6 16. Rfb1 Be7 17. Bxe7 Kxe7 18. Na4 Rhb8 19. Nc5 Rxb7 20. Rxb7 Nf8 21. Ng5 a5 22. Nxf7 a4 23. Nxd7 Nxd7 24. Nd6 a3 25.
Rb1 a2 26. Ra1 c5 27. c3 cxd4 28. cxd4 Nb6 29. Nb5 Ra4 30. Nc3 Rxd4 31. Rxa2 Nc4 32. Ra7+ Kf8 33. Ne2 Rd1+ 34. Kh2 Re1 35. Nf4 Rxe5 36.
Ng6+ Kg8 37. Nxe5 Nxe5 38. Re7 Ng4+ 39. Kg3 d4 40. Rxe6 d3 41. Rd6 Ne5 42. f4 Ng4 43. Rxd3 Kf7 44. Rd7+ Kf6 45. Rd6+ Kf7 46. Rd5 g6 47.
Rg5 Kf6 48. Rxg4 hxg4 49. Kxg4 Kg7 50. Kg5 Kh7 51. g4 1-0

[Event "Live Chess"]
[Site "Chess.com"]
[Date "2024.06.02"]
[Round "-"]
[White "Bradfield133"]
[Black "Crowded_House"]
[Result "1-0"]
[WhiteElo "1870"]
[BlackElo "1645"]
[TimeControl "300"]
[EndTime "1:11:53 PDT"]
[Termination "Bradfield133 won by resignation"]

1. c4 e6 2. e4 d5 3. exd5 exd5 4. d4 c6 5. Nc3 Bb4 6. Nf3 Ne7 7. Bd3 Bg4 8. Be3 O-O 9. O-O Re8 10. Bxh7+ Kh8 11. Bd3 Nd7 12. Ng5 Bxd1 13. Nxf7+ Kg8 14. Nxd8 Raxd8 15. Raxd1 Nf6 16. a3 Bxc3 17. bxc3 dxc4 18. Bxc4+ Ned5 19. Bg5 Kf8 20. Bxd5 Rxd5 21. Bxf6 gxf6 22. Rb1 b6 23. Rfe1 Rxe1+ 24. Rxe1 c5 25. Rd1 cxd4 26. cxd4 a5 27. g3 b5 28. Kg2 b4 29. axb4 axb4 30.
Rd3 Rb5 31. Rb3 Ke7 32. Kf3 Kd6 33. Ke4 Rb8 34. h4 f5+ 35. Kxf5 Kd5 36. h5 Kxd4 37. h6 Kc4 38. Re3 b3 39. Rxb3 Rxb3 40. h7 Rb8 41. g4 Kd5 42. g5 Rf8+ 43. Kg6 Ke6 44. f4 Ke7 45. f5 Ke8 46. Kg7 Rf7+ 47. Kg8 Rf8+ 48. Kg7 Rf7+ 49. Kg6 Rf8 50. f6 Kd7 51. Kg7 Rd8 52. h8=Q Rxh8 53. Kxh8 Ke6 54. Kg7 Kf5 55. f7 Kxg5 56. f8=Q 1-0

[Event "Live Chess"]
[Site "Chess.com"]
[Date "2024.06.02"]
[Round "-"]
[White "Cimon"]
[Black "elephantgerrald"]
[Result "1-0"]
[WhiteElo "1805"]
[BlackElo "852"]
[TimeControl "300"]
[EndTime "1:12:07 PDT"]
[Termination "Cimon won by checkmate"]

1. d4 d5 2. e3 Nc6 3. c3 Nf6 4. Bd3 g6 5. Nf3 Bg7 6. Nbd2 O-O 7. Qe2 Bg4 8. h3 Bxf3 9. Nxf3 b6 10. Bb5 Qd7 11. Ne5 Qd6 12. Bxc6 Ne4 13. Ba4 Bxe5 14. dxe5 Qxe5 15. O-O Kh8 16. Rd1 Rad8 17. Bc2 f5 18. f4 Qe6 19. Bxe4 Qxe4 20. b3 e5 21. fxe5 Qxe5 22. Bb2 d4 23. cxd4 Qe4 24. Rac1 Kg8 25. Rxc7 f4 26. Qc4+ Rd5 27. exf4 Qxf4 28.
Rf1 Qe3+ 29. Kh1 Rxf1+ 30. Qxf1 Rf5 31. Qc4+ Kh8 32. d5+ Kg8 33. d6+ Kf8 34. Rc8+ Qe8 35.
Rxe8+ Kxe8 36. Qe6+ Kd8 37. Qe7+ Kc8 38. Qc7# 1-0

[Event "Live Chess"]
[Site "Chess.com"]
[Date "2024.06.02"]
[Round "-"]
[White "SimonBoy1"]
[Black "ameetghasi100"]
[Result "0-1"]
[WhiteElo "1523"]
[BlackElo "2792"]
[TimeControl "300"]
[EndTime "1:12:09 PDT"]
[Termination "ameetghasi100 won by resignation"]

1. e4 c5 2. Nf3 d6 3. d4 cxd4 4.
Nxd4 Nf6 5. Nc3 a6 6. Be3 e5 7. Nf3 Be6 8. Be2 Nbd7 9. O-O Be7 10. Qd2 Rc8 11. Rad1 h6 12. Nd5 Nxe4 0-1

[Event "Live Chess"]
[Site "Chess.com"]
[Date "2024.06.02"]
[Round "-"]
[White "defenderalist"]
[Black "Leo_the_Rex"]
[Result "1-0"]
[WhiteElo "1545"]
[BlackElo "2019"]
[TimeControl "300"]
[EndTime "1:12:43 PDT"]
[Termination "defenderalist won by resignation"]

1. e4 c5 2. Nf3 e6 3. d4 cxd4 4.
Nxd4 a6 5. Bd3 Nf6 6. O-O Qc7 7. Nc3 Nc6 8. Nde2 d6 9. Be3 Be7 10. f4 O-O 11. Ng3 b5 12. Nh5 Bb7 13. Nxf6+ Bxf6 14. Qh5 g6 15. Qh3 Bg7 16. f5 exf5 17. exf5 Bd4 18. f6 Qb6 19. Rae1 Rae8 20. Rf3 Ne5 21. Qh6 1-0

[Event "Live Chess"]
[Site "Chess.com"]
[Date "2024.06.02"]
[Round "-"]
[White "booktrunk"]
[Black "MagnersCarlsberg2870"]
[Result "0-1"]
[WhiteElo "1500"]
[BlackElo "1832"]
[TimeControl "300"]
[EndTime "1:12:53 PDT"]
[Termination "MagnersCarlsberg2870 won by resignation"]

1. d4 Nf6 2. Nc3 b6 3. Bf4 Bb7 4. Nb5 d6 5. Nf3 g6 6. e3 Bg7 7. Qd3 Nbd7 8. Qc3 Nd5 9. Qc4 c5 10. dxc5 bxc5 11. Bg3 a6 12. Nc3 N7b6 13. Qd3 Nb4 14.
Qd1 O-O 15. Be2 N4d5 16. Nxd5 Nxd5 17. Rb1 Qa5+ 18. Qd2 Qxd2+ 19. Nxd2 Rab8 20. O-O f5 21. h3 e5 22. Bh2 f4 23. exf4 Nxf4 24. Bxf4 Rxf4 25.
g3 Rff8 26. b3 d5 27. Nf3 e4 28. Ng5 Rbe8 29. h4 Bc8 30. f4 h6 31. Rbd1 d4 32.
Bc4+ Kh8 33. Nf7+ Rxf7 34. Bxf7 Re7 35. Bxg6 e3 36. Rfe1 Bg4 37. Rd3 Re6 38. Be8 Rxe8 39. Kg2 Bf5 40. Rdd1 Bxc2 41. Rc1 d3 42. Kf3 d2 43.
Rcd1 Bxd1+ 44. Rxd1 e2 0-1

[Event "Live Chess"]
[Site "Chess.com"]
[Date "2024.06.02"]
[Round "-"]
[White "Dhaydon19"]
[Black "WeakOldFinished"]
[Result "1/2-1/2"]
[WhiteElo "2628"]
[BlackElo "2174"]
[TimeControl "300"]
[EndTime "1:13:05 PDT"]
[Termination "Game drawn by agreement"]

1. d4 Nf6 2. Nf3 c5 3. c3 cxd4 4. cxd4 d5 5. g3 Nc6 6. Bg2 Bf5 7. Nc3 e6 8. O-O Be7 9. Bf4 O-O 10. Rc1 Rc8 11. Ne5 Nxe5 12. Bxe5 Qb6 13. Qd2 h6 14. f3 Nd7 15. Bf4 Rc4 16. Be3 Rfc8 17. b3 R4c7 18. Na4 Qb5 19. Rxc7 Rxc7 20. Nc3 Qa5 21.
Nxd5 Qxd5 22. Bf2 Qc6 23. e4 Bg6 24. Rd1 Qc2 25. h4 Qxd2 26. Rxd2 Bb4 27. Rd1 a6 28. Bf1 Rc2 29. a4 Rb2 30. Rd3 f5 31. exf5 Bxf5 32. Re3 Bd2 33. Re2 Bc3 34. g4 Rxe2 35. Bxe2 Bc2 36.
Bc4 Kf7 37. d5 exd5 38. Bxd5+ Ke7 39. Bxb7 Bxb3 40. Bxa6 Bxa4 41. Kg2 Bc6 42. Be2 Be5 43. Be3 Kf6 44. Bd3 g5 45. h5 Bf4 46. Bd4+ Be5 47.
Bf2 Bc3 48. Be2 Ne5 49. Kg3 Bd2 50. Bd4 Bf4+ 51. Kf2 Ke6 52. Bc3 Bd5 53. Bb4 Kf7 54. Bc5 Bc4 55. Bd4 Bxe2 56. Kxe2 Ke6 57. Bc5 Kd5 58. Bf8 Nf7 59. Bb4 Bd6 60. Bd2 Ne5 61. f4 gxf4 62. Bxf4 Nxg4 63. Kf3 Bxf4 64. Kxg4 Ke4 65.
Kh3 Kf3 66. Kh4 Bg3+ 67. Kh3 Be1 68. Kh2 Bf2 69. Kh1 Kg4 70. Kh2 Kxh5 71. Kg2 Ba7 72. Kh1 1/2-1/2

[Event "Live Chess"]
[Site "Chess.com"]
[Date "2024.06.02"]
[Round "-"]
[White "AlanBstard10"]
[Black "silunn"]
[Result "0-1"]
[WhiteElo "1196"]
[BlackElo "2139"]
[TimeControl "300"]
[EndTime "1:13:36 PDT"]
[Termination "silunn won by resignation"]

1. b4 e6 2. Bb2 Nf6 3. a3 Be7 4. e3 a5 5. Be2 axb4 6. axb4 Rxa1 7.
Bxa1 Bxb4 8. Bc3 Bxc3 9. Nxc3 b6 10. Nf3 Bb7 11. O-O Nc6 12. d4 Ne7 13. Qd3 h6 14.
Ra1 O-O 15. Ne5 d6 16. Nc4 Nfd5 17. Nxd5 Nxd5 18. f3 Qg5 19. Ra7 Bc6 20. e4 Nf4 0-1

[Event "Live Chess"]
[Site "Chess.com"]
[Date "2024.06.02"]
[Round "-"]
[White "ProfPoisson"]
[Black "vincents82"]
[Result "0-1"]
[WhiteElo "1348"]
[BlackElo "2010"]
[TimeControl "300"]
[EndTime "1:13:38 PDT"]
[Termination "vincents82 won by checkmate"]

1. e4 d5 2. exd5 Qxd5 3. Nc3 Qd8 4. d4 Nf6 5. Nf3 Bg4 6. Be2 e6 7. O-O c6 8. Ne5 Bxe2 9. Nxe2 Nbd7 10. f4 c5 11. c3 cxd4 12. cxd4 Be7 13. Qe1 O-O 14. Rf3 Nxe5 15. dxe5 Ne4 16. Be3 Bc5 17. Bxc5 Nxc5 18. Rh3 Ne4 19. Rd1 Qb6+ 20. Kf1 Rad8 21. Nc3 Rxd1 22.
Nxd1 Rd8 23. Nc3 Nd2+ 24. Ke2 Qd4 25. Re3 Qc4+ 26. Kf2 Qxf4+ 27. Kg1 Qd4 28. Kh1 Nc4 29. Re4 Qd3 30. Re2 Qf5 31. h4 a6 32. Rf2 Qxe5 33. Qxe5 Nxe5 34. Re2 Ng4 35. g3 h5 36. Ne4 Kf8 37. Nc5 Ke7 38. Nxb7 Rd1+ 39. Kg2 Rd3 40.
Nc5 Rd5 41. Nxa6 Ra5 42. Nc7 Rxa2 43. b4 Rxe2+ 44. Kf3 Rb2 45. b5 f5 46. b6 Rf2# 0-1

[Event "Live Chess"]
[Site "Chess.com"]
[Date "2024.06.02"]
[Round "-"]
[White "KeithArkell"]
[Black "NAZRIZ1977"]
[Result "1-0"]
[WhiteElo "2397"]
[BlackElo "2136"]
[TimeControl "300"]
[EndTime "1:13:38 PDT"]
[Termination "KeithArkell won by resignation"]

1. d4 Nf6 2. Nf3 c5 3. c3 g6 4.
Bg5 Bg7 5. Nbd2 d5 6. e3 O-O 7. Bxf6 Bxf6 8. dxc5 a5 9. Be2 Qc7 10.
O-O Qxc5 11. e4 Nc6 12. exd5 Qxd5 13. Nc4 Qxd1 14. Rfxd1 Bf5 15. a4 Rad8 16. h3 h5 17. Ne3 Bc8 18. Nd2 Kg7 19. Ndc4 Be6 20. f4 Rb8 21.
Kf2 b5 22. axb5 Rxb5 23. Ne5 Rb6 24. Nxc6 Rxc6 25. Rxa5 Rb8 26. Rd2 Rcb6 27. f5 gxf5 28. Nxf5+ Bxf5 29. Rxf5 Rxb2 30. Rxb2 Rxb2 31. c4 h4 32. Ra5 e6 33. Ke3 Rb3+ 34. Bd3 Rb2 35. Be4 Bd8 36. Ra8 Bb6+ 37. Kd3 f5 38. Bf3 e5 39. Bd5 e4+ 40. Kc3 Rxg2 41. Rb8 Ba5+ 42.
Kd4 Rg3 43. Ra8 Bb6+ 44. c5 Bxc5+ 45. Kxc5 Rxh3 46. Kd4 Rd3+ 47. Ke5 h3 48. Ra7+ Kh6 49. Be6 Kg5 50. Rf7 h2 51. Rxf5+ Kg6 52. Rf1 e3 53.
Bf5+ Kg5 54. Bxd3 1-0

[Event "Live Chess"]
[Site "Chess.com"]
[Date "2024.06.02"]
[Round "-"]
[White "JanMur7"]
[Black "matt1979"]
[Result "1-0"]
[WhiteElo "2268"]
[BlackElo "1396"]
[TimeControl "300"]
[EndTime "1:14:20 PDT"]
[Termination "JanMur7 won by resignation"]

1. c4 e6 2. Nc3 f5 3. d4 Nf6 4. g3 Bb4 5. Bg2 O-O 6. Nf3 Ne4 7. Qc2 Bxc3+ 8. bxc3 d6 9. O-O b6 10. Nd2 d5 11. cxd5 exd5 12. Nxe4 fxe4 13. c4 c6 14. Ba3 Rf6 15. cxd5 cxd5 16. Rac1 Bd7 17. Qc7 Nc6 18. Qxd8+ Rxd8 19. e3 Rc8 20. Rc2 Rh6 21. Rfc1 Re8 22. h4 Na5 23. Bf1 Ba4 24. Rc8 Re6 25.
Rxe8+ Rxe8 26. Rc7 Nc6 27. Bh3 Rd8 28. Bd7 Rxd7 29. Rxd7 a6 30. Rxd5 b5 31. Bc5 Bc2 32. Rd6 1-0

[Event "Live Chess"]
[Site "Chess.com"]
[Date "2024.06.02"]
[Round "-"]
[White "Ofirgh1234567890"]
[Black "jimwad"]
[Result "1-0"]
[WhiteElo "1766"]
[BlackElo "1316"]
[TimeControl "300"]
[EndTime "1:14:29 PDT"]
[Termination "Ofirgh1234567890 won by resignation"]

1. d4 d5 2. Bf4 Bf5 3. c4 c6 4. e3 Nf6 5. Nc3 e6 6. Nf3 Nbd7 7. h3 c5 8. Nh4 cxd4 9. exd4 Bg6 10. Nxg6 fxg6 11. Bd3 Be7 12. O-O O-O 13. cxd5 Nxd5 14. Nxd5 exd5 15. Bh2 Nf6 16. Re1 Bb4 17. Re2 Re8 18.
Qb3 Bd6 19. Rxe8+ Nxe8 20. Qxd5+ Kh8 21. Bxd6 Qxd6 22. Qxd6 Nxd6 23. Rc1 b6 24. Kf1 Rd8 25. Rc7 a5 26. Rc6 Nf5 27. Bxf5 gxf5 28. Rxb6 Rxd4 29. Rb8+ 1-0

[Event "Live Chess"]
[Site "Chess.com"]
[Date "2024.06.02"]
[Round "-"]
[White "Isambard_Thomas"]
[Black "WelshTiger"]
[Result "0-1"]
[WhiteElo "2159"]
[BlackElo "2437"]
[TimeControl "300"]
[EndTime "1:14:41 PDT"]
[Termination "WelshTiger won by resignation"]

1. d4 Nf6 2. Nf3 e6 3. Bg5 c5 4. e3 b6 5. c3 Bb7 6. Bd3 Be7 7. Nbd2 d5 8. Qe2 Ne4 9. h4 h6 10. Bf4 Nd7 11. Bc2 Rc8 12. Nxe4 dxe4 13. Nd2 Nf6 14. Be5 cxd4 15. exd4 e3 16. fxe3 Bd6 17. O-O Bxe5 18. dxe5 Nd5 19. Ne4 O-O 20. Nd6 Rc7 21. Qd3 f5 22. e4 Ne7 23. exf5 Nxf5 24. Bb3 Kh8 25. Bxe6 Nxh4 26. Rxf8+ Qxf8 27. Nxb7 Rxb7 28. Qe4 Qe7 29.
Rf1 Rc7 30. Qxh4 Qxh4 0-1

[Event "Live Chess"]
[Site "Chess.com"]
[Date "2024.06.02"]
[Round "-"]
[White "Duke_of_Bebington"]
[Black "Greenbecker"]
[Result "0-1"]
[WhiteElo "1674"]
[BlackElo "1743"]
[TimeControl "300"]
[EndTime "1:14:44 PDT"]
[Termination "Greenbecker won by resignation"]

1. e4 Nc6 2. d4 d5 3. Nc3 dxe4 4. Nxe4 Qxd4 5. Qxd4 Nxd4 6. Bd3 Nf6 7. Nxf6+ exf6 8. Ne2 Bc5 9. O-O Nxe2+ 10. Bxe2 O-O 11. Bf4 c6 12. Rad1 Bf5 13. Bd3 Bxd3 14. Rxd3 Rfd8 15. Rfd1 Rxd3 16. Rxd3 Be7 17. Kf1 Rd8 18. Rxd8+ Bxd8 19. a3 Kf8 20. Ke2 Ke8 21. Kd3 Kd7 22. Ke4 Ke6 23. f3 f5+ 24. Kd3 g5 25. Bg3 f4 26.
Bf2 Bb6 27. Bxb6 axb6 28. Ke4 f5+ 29. Kd3 Ke5 30. b4 h5 31. c4 g4 32. a4 h4 33.
b5 h3 34. gxh3 g3 35. hxg3 fxg3 36. Ke2 f4 37. h4 cxb5 38. cxb5 Kf5 39. Kf1 Kg6 40.
Kg2 Kh5 41. Kh3 Kg6 42. Kg2 Kh6 43. Kh3 Kh5 44. Kg2 Kxh4 0-1

[Event "Live Chess"]
[Site "Chess.com"]
[Date "2024.06.02"]
[Round "-"]
[White "MagnersCarlsberg2870"]
[Black "Ocelot32"]
[Result "1-0"]
[WhiteElo "1833"]
[BlackElo "1372"]
[TimeControl "300"]
[EndTime "1:14:54 PDT"]
[Termination "MagnersCarlsberg2870 won by resignation"]

1. d4 Nf6 2. Nf3 e6 3. e3 d5 4.
Bd3 c5 5. c3 Nc6 6. Nbd2 Be7 7.
Qe2 O-O 8. O-O b6 9. e4 dxe4 10. Nxe4 cxd4 11. Nxf6+ Bxf6 12. Qe4 g6 13. Qxc6 e5 14.
Bh6 Re8 15. cxd4 e4 16. Bxe4 1-0

[Event "Live Chess"]
[Site "Chess.com"]
[Date "2024.06.02"]
[Round "-"]
[White "LL220284LL"]
[Black "stevochess11"]
[Result "1-0"]
[WhiteElo "2501"]
[BlackElo "1683"]
[TimeControl "300"]
[EndTime "1:14:58 PDT"]
[Termination "LL220284LL won by checkmate"]

1. Nf3 c6 2. b3 d5 3. Bb2 Nd7 4. g3 f6 5. Bg2 g6 6. d4 Nh6 7. O-O Nf7 8. Nbd2 Bg7 9. e4 e5 10.
dxe5 fxe5 11. exd5 cxd5 12. Re1 O-O 13. c4 e4 14.
Bxg7 Kxg7 15. Nd4 Qf6 16. Nf1 Ng5 17. Re2 Ne5 18. Ne3 Bh3 19. Nxd5 Nef3+ 20. Nxf3 Nxf3+ 21. Kh1 Bxg2+ 22. Kxg2 Qf5 23. Qc2 Rae8 24. Qc3+ Kh6 25.
Qe3+ g5 26. Rd1 Ne5 27. Qxe4 Qxe4+ 28. Rxe4 g4 29. Rde1 Rf5 30. Ne3 Rf3 31. Rxe5 Rxe5 32. Nxg4+ Kg5 33. Rxe5+ Kxg4 34. h3# 1-0

[Event "Live Chess"]
[Site "Chess.com"]
[Date "2024.06.02"]
[Round "-"]
[White "Crowded_House"]
[Black "JohanKjeldahl"]
[Result "1-0"]
[WhiteElo "1657"]
[BlackElo "1849"]
[TimeControl "300"]
[EndTime "1:15:13 PDT"]
[Termination "Crowded_House won by resignation"]

1. d4 Nf6 2. Bg5 e6 3. e3 c5 4.
c3 cxd4 5. exd4 d5 6. Bd3 Be7 7. Nf3 h6 8. Bh4 Nc6 9. Nbd2 Qb6 10.
Nb3 Bd7 11. O-O Ne4 12. Bxe7 Nxe7 13. Ne5 f6 14. Nxd7 Kxd7 15. f3 Ng5 16. Nc5+ Kd6 17. h4 Nf7 18. Re1 e5 19. dxe5+ Kxc5 20. exf6 Qxf6 21.
Qa4 Kd6 22. Qb4+ Kc7 23. Qxe7+ 1-0

[Event "Live Chess"]
[Site "Chess.com"]
[Date "2024.06.02"]
[Round "-"]
[White "ProfessorChess101"]
[Black "MaksymYurii"]
[Result "1-0"]
[WhiteElo "2731"]
[BlackElo "982"]
[TimeControl "300"]
[EndTime "1:15:36 PDT"]
[Termination "ProfessorChess101 won by checkmate"]

1. e4 e5 2. Nf3 Nc6 3. Bc4 d5 4. Bxd5 Nb4 5. Bb3 Be6 6. Bxe6 fxe6 7. Nxe5 Bd6 8. Qh5+ g6 9. Nxg6 Nxc2+ 10. Kd1 hxg6 11.
Qxh8 Nxa1 12. Qxg8+ Bf8 13. Qxg6+ Kd7 14. b3 Qe7 15. Ba3 Qg7 16. Qxg7+ Bxg7 17. Nc3 Rf8 18. f3 Rg8 19. Bb2 Nxb3 20. axb3 a5 21. h4 b5 22.
h5 b4 23. Na4 Bxb2 24. Nxb2 Rxg2 25. h6 Rg8 26. h7 Rh8 27. Nc4 Ke7 28. Nxa5 Kf7 29.
Nc6 Kg7 30. Nxb4 Rxh7 31. Rxh7+ Kxh7 32. Na6 c6 33. Nb8 c5 34. Nd7 Kg6 35. Nxc5 Kg5 36. b4 e5 37. Nd3 Kf6 38. b5 Ke7 39. b6 Kd8 40. Nxe5 Kc8 41. Nc4 Kb7 42. f4 Kc6 43.
f5 Kc5 44. f6 Kxc4 45. f7 Kc5 46. b7 Kd4 47. f8=Q Kd3 48. Qd6+ Kxe4 49. Qe6+ Kf3 50. Qf5+ Kg3 51. b8=Q+ Kh4 52. Qh8+ Kg3 53. Qhh3# 1-0

[Event "Live Chess"]
[Site "Chess.com"]
[Date "2024.06.02"]
[Round "-"]
[White "TheSmoulderingMaster"]
[Black "yarek"]
[Result "0-1"]
[WhiteElo "1745"]
[BlackElo "1734"]
[TimeControl "300"]
[EndTime "1:15:48 PDT"]
[Termination "yarek won by resignation"]

1. e4 g6 2. d4 Bg7 3. Nc3 c6 4.
Nf3 d5 5. e5 Bg4 6. Be2 e6 7.
h3 Bxf3 8. Bxf3 Ne7 9. Bg5 Nd7 10.
Qd2 h6 11. Be3 Nf5 12. O-O-O Nxe3 13. Qxe3 a6 14. Kb1 c5 15. dxc5 Nxe5 16. Rhe1 O-O 17. g4 Nxf3 18. Qxf3 Rc8 19. Rh1 Rxc5 20. h4 Bxc3 21.
bxc3 Qa5 22. Qe3 Qxc3 23. Qxc3 Rxc3 24. Rd3 Rfc8 25. Rd2 b5 26. f4 Rf3 27. f5 gxf5 28.
gxf5 Rxf5 29. Rg2+ Kh7 30. Rhg1 Rf6 31. Rg7+ Kh8 32. h5 Rf5 33. Kb2 Rg5 34. R1xg5 hxg5 35. Rxg5 Kh7 36. Rg3 Kh6 37. Rh3 e5 38. Kc1 e4 39. Kd2 d4 40. Rh4 f5 0-1

[Event "Live Chess"]
[Site "Chess.com"]
[Date "2024.06.02"]
[Round "-"]
[White "ProfPoisson"]
[Black "KeithArkell"]
[Result "0-1"]
[WhiteElo "1348"]
[BlackElo "2397"]
[TimeControl "300"]
[EndTime "1:15:52 PDT"]
[Termination "KeithArkell won by resignation"]

1. e4 c6 2. d4 d5 3. exd5 cxd5 4.
c4 Nf6 5. Nc3 g6 6. Qb3 Bg7 7.
cxd5 O-O 8. Nf3 Nbd7 9. Bc4 Nb6 10. O-O Nxc4 11. Qxc4 a6 12. a4 b5 13. axb5 axb5 14. Nxb5 Rxa1 15. d6 exd6 16. Bg5 Rxf1+ 17. Kxf1 Ba6 18.
Bxf6 Qb6 19. Bxg7 Bxb5 0-1

[Event "Live Chess"]
[Site "Chess.com"]
[Date "2024.06.02"]
[Round "-"]
[White "EdenHazard8"]
[Black "juniortay"]
[Result "1-0"]
[WhiteElo "2189"]
[BlackElo "2385"]
[TimeControl "300"]
[EndTime "1:15:55 PDT"]
[Termination "EdenHazard8 won on time"]

1. Nf3 Nf6 2. g3 g6 3. Bg2 Bg7 4. Kf1 O-O 5. Kg1 d6 6. h3 c6 7. d4 Nbd7 8. Kh2 Re8 9. Re1 e5 10. dxe5 Nxe5 11. Nxe5 Rxe5 12. Bf4 Re6 13. Nc3 d5 14. e4 d4 15. e5 Nh5 16. Ne4 Nxf4 17. gxf4 c5 18. Nxc5 Rb6 19. Nb3 Bf5 20. Nxd4 Qh4 21.
Nxf5 gxf5 22. Qd4 Bh6 23. Rg1 Qxf4+ 24. Qxf4 Bxf4+ 25. Kh1 Kf8 26. b3 Bxe5 27. Rad1 Rd6 28. Rxd6 Bxd6 29. Bxb7 Re8 30. Bf3 Bc5 31. Kg2 Re5 32.
Rd1 Ke7 33. Rd5 Bd6 34. Rd4 Bc5 35. Rh4 a5 36. Rxh7 Kf6 37. Bh5 Re7 38. Bf3 Ke5 39.
Rh4 Rd7 40. Rc4 Ba7 41. Be2 f6 42. f4+ Ke6 43. h4 Rg7+ 44. Kf3 Rg1 45. h5 Rh1 46.
Rc6+ Kd5 47. Rxf6 Rxh5 48. Ra6 Bd4 49. Rxa5+ Ke6 50. Bc4+ Kd7 51. Ra6 1-0

[Event "Live Chess"]
[Site "Chess.com"]
[Date "2024.06.02"]
[Round "-"]
[White "jimwad"]
[Black "WeakOldFinished"]
[Result "0-1"]
[WhiteElo "1316"]
[BlackElo "2175"]
[TimeControl "300"]
[EndTime "1:16:05 PDT"]
[Termination "WeakOldFinished won by resignation"]

1. d4 d5 2. c4 e5 3. dxe5 d4 4. e3 Bb4+ 5. Bd2 dxe3 6. Bxb4 exf2+ 7. Ke2 fxg1=N+ 8. Rxg1 Bg4+ 9. Kf2 Qd4+ 10. Kg3 Bxd1 0-1

[Event "Live Chess"]
[Site "Chess.com"]
[Date "2024.06.02"]
[Round "-"]
[White "Ferrarifan27"]
[Black "gunslinger222"]
[Result "0-1"]
[WhiteElo "2128"]
[BlackElo "2257"]
[TimeControl "300"]
[EndTime "1:16:09 PDT"]
[Termination "gunslinger222 won by resignation"]

1. e4 e6 2. d4 d5 3. Nc3 Bb4 4. e5 c5 5. a3 Bxc3+ 6. bxc3 Ne7 7. a4 b6 8. Qg4 O-O 9. Ba3 Ba6 10. Bxa6 Nxa6 11. Nf3 Rc8 12. dxc5 bxc5 13. O-O Qa5 14. Ng5 h6 15. Nxe6 fxe6 16. Qxe6+ Rf7 17. Rab1 Qxa4 18. Rb7 Re8 19. Rxa7 Qxa3 20. Qxa6 Qxa6 21. Rxa6 Nf5 22.
f4 d4 23. cxd4 Nxd4 24. Rf2 g5 25.
fxg5 hxg5 26. Rg6+ Rg7 27. Rxg7+ Kxg7 28. c3 Nc6 29. g3 Rxe5 30. h4 gxh4 31. gxh4 Re3 32. Rc2 Rh3 33. Kg2 Rxh4 34. Kf3 Kf6 35. Ke3 Ke5 36. Kd3 c4+ 37. Ke3 Rh3+ 38. Kd2 Rh2+ 39. Kc1 Rxc2+ 40. Kxc2 Ke4 41. Kd2 Ne5 42. Ke2 Ng4 43. Kd2 Kf3 44. Kc2 Ke2 0-1

[Event "Live Chess"]
[Site "Chess.com"]
[Date "2024.06.02"]
[Round "-"]
[White "nyclone"]
[Black "DavrosLight"]
[Result "1-0"]
[WhiteElo "1129"]
[BlackElo "774"]
[TimeControl "300"]
[EndTime "1:16:34 PDT"]
[Termination "nyclone won by checkmate"]

1. e4 e5 2. Nc3 Nc6 3. Bc4 f5 4.
exf5 Nf6 5. d3 d5 6. Bb3 Bxf5 7.
Nf3 Bb4 8. O-O Bxc3 9. bxc3 O-O 10. Re1 Qd6 11. a4 a6 12. Ba3 b5 13. Bxd6 cxd6 14. axb5 axb5 15. Rxa8 Rxa8 16. d4 e4 17. Nd2 b4 18.
cxb4 Nxb4 19. f3 exf3 20. Nxf3 Ne4 21. c4 Nc3 22. Qc1 dxc4 23. Bxc4+ Nbd5 24. Qxc3 Kf8 25. Bxd5 Rd8 26. Qc7 Rd7 27. Qc8+ Rd8 28. Qxd8# 1-0

[Event "Live Chess"]
[Site "Chess.com"]
[Date "2024.06.02"]
[Round "-"]
[White "raimundklein"]
[Black "Isambard_Thomas"]
[Result "0-1"]
[WhiteElo "1570"]
[BlackElo "2160"]
[TimeControl "300"]
[EndTime "1:17:14 PDT"]
[Termination "Isambard_Thomas won by resignation"]

1. e4 Nc6 2. Nf3 d5 3. exd5 Qxd5 4. Nc3 Qh5 5. Be2 Bg4 6. d3 Nf6 7. Bf4 O-O-O 8. Qd2 e5 9. Nxe5 Nxe5 10. Bxg4+ Nexg4 11. O-O-O Bb4 12. h3 Nh6 13. g4 Qa5 14. g5 Nd5 15. gxh6 Nxc3 16. bxc3 Bxc3 17. Qe2 Qa3+ 0-1